 Dungeon Crawl Stone Soup version 0.26.1-11-gd32895ea62 (webtiles) character file.

Game seed: 12736501358808175374

794 Zeld the Chucker (level 7, -3/45 HPs)
             Began as an Octopode Brigand on May 15, 2021.
             Was an Initiate of Fedhas.
             Slain by a gnoll shaman
             ... wielding a +0 whip
              (8 damage)
             ... on level 6 of the Dungeon.
             The game lasted 00:09:31 (8432 turns).

Zeld the Chucker (Octopode Brigand)                 Turns: 8432, Time: 00:09:32

Health: -3/45      AC:  1    Str: 13    XL:     7   Next: 89%
Magic:  13/13      EV:  7    Int: 13    God:    Fedhas [......]
Gold:   226        SH:  0    Dex: 13    Spells: 14/14 levels left

rFire    . . .     SeeInvis .   a - +2 dagger
rCold    + . .     Faith    .   (no shield)
rNeg     . . .     Spirit   .   (helmet restricted)
rPois    .         Reflect  .   (no amulet)
rElec    .         Harm     .   (no ring)
rCorr    .         Rampage  .   u - ring of protection from cold
Will     .....                  (no ring)
Stlth    ++........             (no ring)
HPRegen  0.15/turn              (no ring)
MPRegen  0.13/turn              (no ring)
                                (no ring)
                                (no ring)

@: held, glowing
A: almost no armour, stealthy swim, amphibious, 8 rings, constrict 8, camouflage
1, gelatinous body 1
a: Renounce Religion


You were on level 6 of the Dungeon.
You worshipped Fedhas.
Fedhas was noncommittal.
You visited 1 branch of the dungeon, and saw 6 of its levels.

You collected 226 gold pieces.

Inventory:

Hand Weapons
 a - a +2 dagger (weapon)
Missiles
 b - 23 poisoned darts (quivered)
 c - 2 curare-tipped darts
Jewellery
 u - a ring of protection from cold (right tentacle)
Wands
 v - a wand of digging (6)
Scrolls
 e - 2 scrolls of magic mapping
 f - 4 scrolls of remove curse
 k - 2 scrolls of enchant weapon
 p - 2 scrolls of amnesia
 q - a scroll of fog {unknown}
 r - 2 scrolls of blinking {unknown}
 s - 3 scrolls of teleportation {unknown}
 x - a scroll of noise {unknown}
Potions
 g - a potion of mutation {unknown}
 h - 2 potions of flight {unknown}
 i - 2 potions of attraction {unknown}
 l - a potion of resistance {unknown}
 m - a potion of magic {unknown}
 t - 3 potions of haste {unknown}


   Skills:
 - Level 2.0 Fighting
 * Level 4.2 Short Blades
 - Level 6.0 Throwing
 - Level 1.0 Dodging
 - Level 5.3 Stealth
 + Level 4.4 Spellcasting


You had 14 spell levels left.
You didn't know any spells.
Your spell library contained the following spells:

 Spells                   Type           Power        Failure   Level
 Animate Skeleton         Necr           4%           21%         1
 Pain                     Necr           8%           21%         1
 Vampiric Draining        Necr           1%           52%         3
 Animate Dead             Necr           1%           89%         4
 Agony                    Necr           2%           99%         5


Dungeon Overview and Level Annotations

Branches:
Dungeon (6/15)
 Temple: D:4-7

Altars:
Elyvilon
Fedhas
Ru
Xom

Annotations:
D:3 2 transporters


Innate Abilities, Weirdness & Mutations

You cannot wear most types of armour.
You are very stealthy in the water. (Stealth+)
You are amphibious.
You can wear up to eight rings at the same time.
You can use your tentacles to constrict eight enemies at once.
Your skin changes colour to match your surroundings (Stealth+).
Your rubbery body absorbs attacks. (AC +1, EV +1)


Message History

You struggle against the net.
You tear a large gash into the net.
The gnoll shaman hits you with a +0 whip.
You struggle against the net.
The gnoll hits you. The gnoll barely misses you.
The gnoll shaman hits you with a +0 whip!
You shred the net and break free! The gnoll barely misses you.
The gnoll hits you from afar with a +0 spear!
* * * LOW HITPOINT WARNING * * *
The gnoll shaman misses you.
Okay, then.
Okay, then.
The gnoll throws a throwing net.
The throwing net hits you.
You become entangled in the net!
The gnoll shaman hits you with a +0 whip.
* * * LOW HITPOINT WARNING * * *
You see here a throwing net.
You struggle against the net.
The gnoll shaman hits you with a +0 whip!
You die...
Fedhas appreciates your contribution to the ecosystem.

..........###
#.......[.# #
####.###.####..#
#>...........
#.#.#g.###..#
#.#g...# #
#g##.##.#
#gg......
#@#..##..
#.......#### .
#########


You could see a gnoll shaman and 4 gnolls.

Vanquished Creatures
  An ice beast (D:5)
  2 ogres
  A centaur (D:5)
  A scorpion (D:5)
  2 orc priests (D:4)
  2 hounds
  A bullfrog skeleton (D:5)
  3 worker ants
  A hound skeleton (D:4)
  4 gnolls
  5 adders
  3 worms
  2 dart slugs
  5 leopard geckos
  9 orcs
  9 bats
  5 giant cockroaches
  4 hobgoblins
  2 jackals (D:5)
  2 ball pythons
  3 frilled lizards
  10 goblins
  7 kobolds
  A leopard gecko skeleton (D:4)
  6 rats
91 creatures vanquished.

Notes
Turn   | Place    | Note
-------+----------+-------------------------------------------
     0 | D:1      | Zeld the Octopode Brigand began the quest for the Orb.
     0 | D:1      | Reached XP level 1. HP: 14/14 MP: 1/1
    69 | D:1      | Reached XP level 2. HP: 19/19 MP: 2/2
   243 | D:1      | Reached skill level 1 in Spellcasting
   524 | D:1      | Reached skill level 3 in Throwing
   551 | D:1      | Reached XP level 3. HP: 24/24 MP: 4/4
  1726 | D:3      | Reached XP level 4. HP: 28/29 MP: 6/6
  1760 | D:3      | Found a transporter.
  1764 | D:3      | Found a sacrificial altar of Ru.
  1786 | D:3      | Found a transporter.
  2659 | D:4      | Reached skill level 4 in Throwing
  2659 | D:4      | Reached XP level 5. HP: 34/34 MP: 6/8
  4141 | D:4      | Reached skill level 5 in Throwing
  4410 | D:4      | Reached XP level 6. HP: 31/39 MP: 10/10
  4855 | D:4      | Noticed a phantom
  6364 | D:5      | Entered Level 5 of the Dungeon
  6364 | D:5      | Found a blossoming altar of Fedhas.
  6369 | D:5      | Became a worshipper of Fedhas Madash
  7200 | D:4      | Found a shimmering altar of Xom.
  7325 | D:4      | Reached skill level 6 in Throwing
  7325 | D:4      | Reached XP level 7. HP: 45/45 MP: 10/12
  7492 | D:5      | Got a coiled iron ring
  7497 | D:5      | Found a white marble altar of Elyvilon.
  8115 | D:5      | Identified the ring "Numaloos" {Dex+2 Slay+4} (You found it
                  | on level 5 of the Dungeon)
  8432 | D:6      | Slain by a gnoll shaman

Illustrated notes

Levels and vault maps discovered:
D:1:      scummos_arrival_star, layout_basic
D:2:      layout_basic
D:3:      layout_loops_ring, gammafunk_temple_overflow_arena
D:4:      layout_cave_pools, kennysheep_mini
D:5:      layout_gridville, fedhas_altar_2, old_standard_altar
D:6:      layout_basic, evilmike_ruin_ashenzari, bloody_trog

Skill      XL: |  1  2  3  4  5  6  7 |
---------------+----------------------+-----
Spellcasting   | 1 2 3 4 |  4.4
Throwing       | 3 4 5 6 |  6.0
Short Blades   | 4 |  4.2
Fighting       | |  2.0
Dodging        | |  1.0
Stealth        | |  5.3

Action                   |  1- 3 |  4- 6 |  7- 9 || total
-------------------------+-------+-------+-------++-------
Melee: Dagger            |    55 |   142 |    29 ||   226
       Constrict         |    12 |    37 |     3 ||    52
       Tentacles         |     7 |    35 |    13 ||    55
Throw: Dart              |       |     9 |     5 ||    14
  Use: Potion            |       |     1 |     2 ||     3
       Scroll            |       |       |     6 ||     6
 Stab: Sleeping          |    16 |     7 |     1 ||    24
       Distracted        |       |       |     1 ||     1
Armor: Skin              |     9 |     2 |     1 ||    12
Dodge: Dodged            |    26 |    73 |    14 ||   113
